 Dungeon Crawl Stone Soup version 0.30.0-5-g1a98f26d00 (webtiles) character file.

Game seed: 2858494272974682945

21 qeuew the Covered (level 2, 0/19 HPs)
             Began as a Gargoyle Fighter on May 12, 2023.
             Slain by a ball python (3 damage)
             ... on level 2 of the Dungeon.
             The game lasted 00:00:45 (955 turns).

qeuew the Covered (Gargoyle Fighter)                 Turns: 955, Time: 00:00:48

Health: 0/19       AC:  9    Str: 19    XL:     2   Next: 83%
Magic:  2/2        EV:  6    Int:  8    God:
Gold:   83         SH:  4    Dex:  9    Spells: 1/1 levels left

rFire   . . .        a - +0 flail
rCold   . . .        c - +0 buckler
rNeg    + + .        b - +0 scale mail
rPois   ∞            (no helmet)
rElec   +            (no cloak)
rCorr   .            (no gloves)
SInv    .            (no boots)
Will    .....        (no amulet) Stlth
                     i - ring of positive energy
HPRegen 0.23/turn    (no ring)
MPRegen 0.08/turn

%: no passive effects
@: constricted
A: sickness immunity, AC +2, negative energy resistance 1, electricity
resistance, torment resistance 1, petrification resistance
a: no special abilities


You were on level 2 of the Dungeon.
You visited 1 branch of the dungeon, and saw 2 of its levels.

You collected 83 gold pieces.

Inventory:

Hand Weapons
 a - a +0 flail (weapon)
Armour
 b - a +0 scale mail (worn)
 c - a +0 buckler (worn)
Jewellery
 i - a ring of positive energy (left hand)
Potions
 d - a potion of might
 h - a potion of curing


   Skills:
 + Level 3.5 Fighting
 * Level 2.4 Maces & Flails
 * Level 3.6 Armour
 + Level 3.4 Shields


You had one spell level left.
You didn't know any spells.
Your spell library contained the following spells:

 Spells                   Type           Power      Damage    Failure   Level
 Magic Dart               Conj           0%         1d3       85%         1
 Searing Ray              Conj           0%         2d4       94%         2
 Fulminant Prism          Conj/Hex       0%         3d5       100%        4


Dungeon Overview and Level Annotations

Branches:
Dungeon (2/15)

Altars:

Shops:
D:1 [


Innate Abilities, Weirdness & Mutations

You are immune to sickness and miasma.
Your stone body is resilient. (AC +2)
You are immune to poison.
You resist negative energy. (rN+)
You are resistant to electric shocks. (rElec)
You are resistant to unholy torment.
You are immune to petrification.


Message History

The jackal bites you but does no damage. x2
The goblin hits you but does no damage. x2; The jackal bites you.
The jackal closely misses you. The goblin misses you.
You block the goblin's attack.
You closely miss the kobold. The jackal misses you.
The ball python bites you but does no damage.
The ball python closely misses you.
The jackal bites you but does no damage.
The jackal barely misses you. You block the ball python's attack.
The ball python closely misses you. The jackal barely misses you.
The kobold completely misses you. The goblin barely misses you.
The goblin closely misses you.
You barely miss the kobold.
The jackal bites you but does no damage. x2
The ball python bites you but does no damage.
The ball python closely misses you. The kobold hits you with a +0 whip.
You block the goblin's attack. The goblin hits you but does no damage.
The jackal bites you. The jackal barely misses you. The ball python bites you.
The ball python grabs you. The ball python constricts you.
You are too injured to fight recklessly!
Unknown command.
You are too injured to fight recklessly!
Unknown command.
You are too injured to fight recklessly!
The ball python's grasp on you weakens, but your attempt to escape fails.
You block the jackal's attack. The kobold hits you but does no damage.
The goblin hits you but does no damage. The goblin barely misses you.
The ball python bites you but does no damage.
The ball python constricts you.
Unknown command.
You can't go up here!
Unknown command.
You miss the jackal. You block the jackal's attack.
The jackal bites you but does no damage.
The kobold hits you with a +0 whip.
* * * LOW HITPOINT WARNING * * *
The goblin barely misses you. The goblin hits you with a +0 dagger.
* * * LOW HITPOINT WARNING * * *
The ball python bites you.
You die...

.. . .. .## .
#.# ..# .#...
#.# .#.##
#(##....<
#.#...#.#
#Khh...?#
#h@gh.#
#...gS)g...#
................
..#.............
#..........#..
#......$...# .
#..........#
...........#


You could see 4 jackals, 3 goblins, a ball python and a kobold.

Vanquished Creatures
  A giant cockroach (D:1)
  5 goblins
  2 hobgoblins (D:1)
  A quokka (D:1)
  2 ball pythons
  A bat (D:1)
  A frilled lizard (D:1)
  5 kobolds (D:1)
  A rat (D:1)
19 creatures vanquished.

Notes
Turn   | Place    | Note
-------+----------+-------------------------------------------
     0 | D:1      | qeuew the Gargoyle Fighter began the quest for the Orb.
     0 | D:1      | Reached XP level 1. HP: 14/14 MP: 1/1
   346 | D:1      | Reached XP level 2. HP: 14/19 MP: 2/2
   679 | D:1      | Found Caerch's Armour Shoppe.
   955 | D:2      | Slain by a ball python

Illustrated notes

Levels and vault maps discovered:
D:1:      wander_arrival_fairy_ring, layout_loops_corners, serial_shops,
          nicolae_shop_behind_doors, serial_park_tiny_2
D:2:      layout_rooms, nicolae_grassy_gnolls

Action                     || total
---------------------------++-------
  Melee: Flail             ||    60
    Use: Scroll            ||     3
 Armour: Scale mail        ||    54
  Dodge: Dodged            ||    49
  Block: Buckler           ||    14
